 Dungeon Crawl Stone Soup version 0.27.0-1-g7a089689b8 (webtiles) character file.

Game seed: 11653332550925696557

79485 gimp the Severer (level 15, -19/211 HPs)
             Began as a Minotaur Berserker on Aug 2, 2021.
             Was a High Priest of Trog.
             Demolished by an orc warlord (22 damage)
             ... on level 1 of the Orcish Mines.
             The game lasted 00:34:39 (24091 turns).

gimp the Severer (Minotaur Berserker)              Turns: 24091, Time: 00:34:40

Health: -19/211    AC: 25    Str: 27    XL:     15   Next: 21%
Magic:  14/14      EV:  7    Int:  4    God:    Trog [*****.]
Gold:   526        SH: 21    Dex: 14    Spells: 14/14 levels left

rFire    . . .     SeeInvis +   a - +1 broad axe (flame)
rCold    . . .     Faith    .   Y - +1 tower shield {reflect}
rNeg     . . .     Spirit   .   X - +2 chain mail
rPois    .         Reflect  +   j - +2 hat
rElec    .         Harm     .   O - +1 cloak {Will+}
rCorr    .         Rampage  .   c - +0 pair of gloves {Dex+3}
Will     ++++.                  (no boots)
Stlth    ..........             (no amulet)
HPRegen  1.45/turn              x - ring of see invisible
MPRegen  0.14/turn              w - +4 ring of protection

@: berserking, strong-willed, regenerating, studying Dodging, very quick
A: horns 2, retaliatory headbutt
a: Renounce Religion, Berserk, Trog's Hand, Brothers in Arms


You were on level 1 of the Orcish Mines.
You worshipped Trog.
Trog was extremely pleased with you.
You visited 3 branches of the dungeon, and saw 20 of its levels.
You also visited: Sewer and Gauntlet.

You collected 1526 gold pieces.
You spent 1000 gold pieces at shops.

Inventory:

Hand Weapons
 a - a +1 broad axe of flaming (weapon)
Missiles
 y - 2 throwing nets
 C - 6 silver javelins
 J - 2 curare-tipped darts
 T - 12 javelins
Armour
 c - a +0 pair of gloves of dexterity (worn)
 j - a +2 hat (worn)
 O - a +1 cloak of willpower (worn)
 X - a +2 chain mail (worn)
 Y - a +1 tower shield of reflection (worn)
Jewellery
 q - an amulet of regeneration
 w - a +4 ring of protection (right hand)
 x - a ring of see invisible (left hand)
 B - a ring of positive energy
 Q - a ring of ice
Wands
 i - a wand of iceblast (15)
 o - a wand of acid (9)
 D - a wand of paralysis (13)
 K - a wand of polymorph (24)
 M - a wand of flame (70) (quivered)
 P - a wand of mindburst (10)
Scrolls
 b - a scroll of immolation {unknown}
 f - 2 scrolls of teleportation {unknown}
 g - a scroll of identify {unknown}
 h - 2 scrolls of enchant armour {unknown}
 n - a scroll of acquirement {unknown}
Potions
 d - a potion of might {unknown}
 e - 3 potions of curing {unknown}
 k - 2 potions of invisibility {unknown}
 l - a potion of haste
 m - a potion of flight {unknown}
 p - a potion of heal wounds {unknown}
 r - a potion of berserk rage {unknown}
Miscellaneous
 I - a phial of floods
 R - a lightning rod (4/4)


   Skills:
 - Level 15.0 Fighting
 - Level 18.0 Axes
 - Level 15.0 Armour
 - Level 2.1 Dodging
 * Level 12.4 Shields
 + Level 7.7 Evocations


You had 14 spell levels left.
You didn't know any spells.
Your spell library was empty.

Dungeon Overview and Level Annotations

Branches:
Dungeon (13/15)            Temple (0/1) D:7            Lair (6/6) D:10
  Swamp (0/4) Lair:3        Snake (0/4) Lair:3        Slime (0/5) Lair:6
    Orc (1/2) D:11         Vaults (0/5) D:13          Sewer (visited)
Gauntlet (visited)

Altars:
Ashenzari
Cheibriados
Elyvilon
Gozag
Hepliaklqana
Kikubaaqudgha
Makhleb
Nemelex Xobeh
Okawaru
Ru
Trog
Xom
The Shining One
Lugonu

Shops:
D:2 *   D:5 ?   D:6 *   D:11 :   D:13 *

Portals:
Abyss: Lair:6
Trove: D:11 (give 6 scrolls of fear)

Annotations:
D:6 3 runed translucent doors, Gorgoleon's ghost, novice OgHu; benadryl's ghost, weakling GrDe; mainiacjoe's ghost, novice NaAE


Innate Abilities, Weirdness & Mutations

You have a pair of horns on your head.
You reflexively headbutt those who attack you in melee.


Message History

An orc comes into view. It is wielding a +0 flail.
You block the orc's attack. You block the orc priest's attack.
You hit the orc high priest. You burn the orc high priest.
You headbutt the orc high priest.
The orc high priest is almost dead.
You slice the orc!! You burn the orc.
You kill the orc!
Trog accepts your kill.
You slice the troll!! You burn the troll!
The orc priest casts a cantrip, but nothing happens.
The orc high priest invokes the aid of Beogh against you.
You resist with almost no effort. The orc barely misses you.
You closely miss the orc high priest.
The orc high priest is almost dead.
You barely miss the orc. You slash the troll! You burn the troll.
You kill the troll!
Trog accepts your kill.
You hit the orc warlord but do no damage.
An orc comes into view. It is wielding a +0 club.
The orc priest calls down the wrath of Beogh upon you.
Beogh smites you!
* * * LOW HITPOINT WARNING * * *
The orc priest hits you but does no damage.
The orc high priest utters an invocation to Beogh.
You take 13 damage, and have 2/211 hp.
You slash the orc! You burn the orc.
You kill the orc!
Trog accepts your kill.
You hit the hellwing but do no damage. You slice the orc high priest!!
You burn the orc high priest.
You kill the orc high priest!
Trog accepts your kill.
The hellwing disappears in a puff of smoke!
You hit the orc warlord. You burn the orc warlord.
You barely miss the orc warrior. You slash the orc! You burn the orc.
You kill the orc!
Trog accepts your kill.
An orc comes into view. It is wielding a +0 flail.
The orc warlord hits you with a +0 war axe!!
You die...

#..........#o..
..........o...o.
.....#....o..o..
...........o.....
........hoo.... #.
..§Ooo.o.......
#..#§oooo...#....
#..@)o...#.......
##§#))..##...##.#
##$##.....#...#.##
#....$.....#.....##
##................#
#.............#.#
#.#...........^.#
#...........#...##
#..##.##...#....##


You could see an orc warlord, a warg, 3 orc warriors, an ogre, 4 orc priests, an
orc wizard (strong) and 7 orcs.

Vanquished Creatures
  An ironbound preserver (D:13)
  A minotaur (Gauntlet)
  8 hydras
  2 boulder beetles
  3 centaur warriors (D:13)
  A tengu warrior (D:13)
  8 two-headed ogres
  6 death yaks (Lair:2)
  Urug (D:10)
  An orc high priest (Orc:1)
  4 thrashing horrors (Lair:6)
  Nergalle (D:11)
  Pikel (D:9)
  A necromancer (Gauntlet)
  2 deep elf pyromancers (D:13)
  An orc knight (D:13)
  2 ugly things
  2 manticores
  4 cyclopes
  9 black mambas
  15 elephants
  A smoke demon (Lair:6)
  3 torpor snails (Lair:4)
  8 cane toads
  A rime drake (shapeshifter) (D:13)
  A tengu conjurer (D:8)
  3 rime drakes
  6 komodo dragons
  3 ancient zymes (Lair:6)
  4 trolls
  A jumping spider (shapeshifter) (Lair:6)
  A hornet (Lair:3)
  Prince Ribbit (D:6)
  34 blink frogs
  A polar bear (Lair:2)
  Grinder (D:4)
  6 slime creatures
  A meliai zombie (D:11)
  6 dream sheep
  Sigmund (D:3)
  A shadow (D:12)
  A spriggan (Lair:6)
  6 wyverns
  3 wraiths
  2 vampires (D:13)
  A ynoxinul (Lair:6)
  56 yaks
  Grum (D:10)
  A basilisk (shapeshifter) (D:12)
  A steam dragon (D:9)
  2 vampire mosquitoes (D:12)
  13 basilisks
  3 chaos spawn (Lair:6)
  3 swamp worms
  A naga (Lair:3)
  17 water moccasins
  Purgy (D:3)
  An ice beast (D:6)
  6 orc warriors
  A sky beast (D:6)
  3 necrophages
  25 wolves
  4 ogres
  12 centaurs
  5 large abominations
  2 lemures (D:9)
  2 phantoms
  A kobold brigand (D:8)
  12 bullfrogs
  3 gnoll sergeants
  A scorpion (D:7)
  5 wights (D:4)
  8 killer bees
  11 small abominations
  6 electric eels
  4 howler monkeys
  6 centaur zombies
  A hound (D:6)
  5 jellies
  2 orc priests
  A bullfrog skeleton (D:6)
  4 iguanas
  8 orc wizards
  A hound skeleton (D:4)
  A howler monkey zombie (D:6)
  4 adders
  6 gnolls
  A shadow imp (D:4)
  A white imp (D:6)
  An ufetubus (D:5)
  3 worms
  3 dart slugs
  30 orcs
  3 endoplasms
  8 giant cockroaches
  2 goblins
  3 hobgoblins
  11 jackals
  5 quokkas
  11 ball pythons
  4 bats
  3 frilled lizards
  15 kobolds
  4 rats
529 creatures vanquished.

Vanquished Creatures (collateral kills)
  Fannar (D:11)
  A molten gargoyle (D:13)
2 creatures vanquished.

Vanquished Creatures (others)
  20 fungi
  35 plants
  8 withered plants
63 creatures vanquished.

Grand Total: 594 creatures vanquished

Notes
Turn   | Place    | Note
-------+----------+-------------------------------------------
     0 | D:1      | gimp the Minotaur Berserker began the quest for the Orb.
     0 | D:1      | Reached XP level 1. HP: 19/19 MP: 0/0
   107 | D:1      | Found a faded altar of an unknown god.
   366 | D:1      | Reached skill level 4 in Axes
   366 | D:1      | Reached XP level 2. HP: 21/27 MP: 1/1
   599 | D:2      | Found Uremury's General Store.
  1293 | D:2      | Reached XP level 3. HP: 33/33 MP: 2/2
  2218 | D:3      | Noticed Purgy
  2224 | D:3      | Reached XP level 4. HP: 40/40 MP: 3/3
  2228 | D:3      | Killed Purgy
  2229 | D:3      | Reached skill level 5 in Axes
  2229 | D:3      | Reached XP level 5. HP: 47/47 MP: 4/4
  2453 | D:3      | Reached ** piety under Trog
  2473 | D:3      | Noticed Sigmund
  2548 | D:4      | Noticed Grinder
  2571 | D:4      | Paralysed by Grinder for 6 turns
  2580 | D:4      | Killed Grinder
  2581 | D:4      | Reached skill level 5 in Fighting
  2581 | D:4      | Reached skill level 6 in Axes
  2581 | D:4      | Reached XP level 6. HP: 14/56 MP: 5/5
  2892 | D:4      | Reached skill level 7 in Axes
  2894 | D:4      | Reached skill level 5 in Armour
  2894 | D:4      | Reached XP level 7. HP: 32/62 MP: 6/6
  3393 | D:2      | Bought a wand of iceblast (8) for 120 gold pieces
  3452 | D:3      | Killed Sigmund
  3453 | D:3      | Reached skill level 8 in Axes
  3984 | D:5      | Entered Level 5 of the Dungeon
  3997 | D:5      | You fall into a shaft and drop 3 floors!
  4209 | D:7      | Reached XP level 8. HP: 69/71 MP: 7/7
  4343 | D:6      | Reached skill level 9 in Axes
  4419 | D:6      | Found a glowing drain.
  4442 | Sewer    | Entered a sewer
  4489 | Sewer    | Reached *** piety under Trog
  5204 | D:6      | Found Fyboz's General Store.
  5277 | D:6      | Reached skill level 10 in Axes
  5351 | D:6      | Noticed Gorgoleon's ghost (novice OgHu)
  5351 | D:6      | Noticed mainiacjoe's ghost (novice NaAE)
  5352 | D:6      | Found a runed translucent gate.
  5352 | D:6      | Found a runed translucent gate.
  5352 | D:6      | Found a runed translucent gate.
  5352 | D:6      | Noticed benadryl's ghost (weakling GrDe)
  5443 | D:6      | Found a hazy altar of Hepliaklqana.
  5518 | D:6      | Noticed Prince Ribbit
  5533 | D:6      | Killed Prince Ribbit
  5749 | D:5      | Reached XP level 9. HP: 69/81 MP: 8/8
  6266 | D:5      | Reached skill level 11 in Axes
  6290 | D:5      | Reached **** piety under Trog
  6367 | D:5      | Found Fetaikhe's Magic Scroll Shoppe.
  6721 | D:7      | Found a bloodstained altar of Trog.
  6763 | D:7      | Found a staircase to the Ecumenical Temple.
  6982 | D:7      | Found a sacrificial altar of Ru.
  7239 | D:7      | Noticed a troll
  7247 | D:7      | Killed a troll
  7404 | D:7      | Reached skill level 12 in Axes
  7557 | D:8      | Reached XP level 10. HP: 91/91 MP: 9/9
  7836 | D:8      | Noticed a cyclops
  7843 | D:8      | Killed a cyclops
  8351 | D:8      | Found a broken altar of Ashenzari.
  8639 | D:9      | Found a snail-covered altar of Cheibriados.
  8640 | D:9      | Noticed Pikel
  8692 | D:9      | Killed Pikel
  8693 | D:9      | Reached skill level 13 in Axes
  8803 | D:9      | Reached skill level 10 in Fighting
  9087 | D:9      | Noticed a boulder beetle
  9098 | D:9      | Killed a boulder beetle
  9099 | D:9      | Reached skill level 10 in Armour
  9291 | D:9      | Found an iron altar of Okawaru.
  9388 | D:9      | Found a shimmering altar of Xom.
  9389 | D:9      | Found a shimmering altar of Xom.
  9389 | D:9      | Found a shimmering altar of Xom.
  9569 | D:9      | Found an ancient bone altar of Kikubaaqudgha.
  9677 | D:9      | Found a white marble altar of Elyvilon.
  9725 | D:10     | Entered Level 10 of the Dungeon
  9733 | D:10     | Reached skill level 1 in Shields
  9896 | D:10     | You fall into a shaft and drop 3 floors!
  9989 | D:13     | Reached skill level 14 in Axes
 10041 | D:13     | Reached XP level 11. HP: 101/101 MP: 10/10
 10098 | D:13     | Noticed a tengu warrior
 10108 | D:13     | Killed a tengu warrior
 10162 | D:13     | Noticed a two-headed ogre
 10169 | D:13     | Killed a two-headed ogre
 10237 | D:13     | Noticed a red ugly thing
 10243 | D:13     | Killed a red ugly thing
 10246 | D:13     | Noticed a centaur warrior
 10253 | D:13     | Killed a centaur warrior
 10401 | D:13     | Noticed a deep elf pyromancer
 10406 | D:13     | Killed a deep elf pyromancer
 10586 | D:12     | Noticed a red ugly thing
 10591 | D:12     | Killed a red ugly thing
 10592 | D:12     | Reached skill level 15 in Axes
 10753 | D:12     | Noticed a four-headed hydra
 10761 | D:12     | Killed a four-headed hydra
 11045 | D:12     | Noticed a four-headed hydra
 11055 | D:12     | Killed a four-headed hydra
 11433 | D:12     | Noticed a five-headed hydra
 11712 | D:11     | Reached XP level 12. HP: 112/112 MP: 11/11
 11712 | D:11     | Found Nili's Book Emporium.
 11717 | D:11     | Noticed a two-headed ogre
 11727 | D:11     | Noticed Fannar
 11741 | D:11     | Killed Fannar
 11744 | D:11     | Killed a two-headed ogre
 11938 | D:11     | Found a portal to a secret trove of treasure.
 11958 | D:11     | Noticed a two-headed ogre
 11965 | D:11     | Killed a two-headed ogre
 11966 | D:11     | Reached skill level 16 in Axes
 12063 | D:11     | Found a staircase to the Orcish Mines.
 12103 | D:11     | Found a gate leading to a gauntlet.
 12113 | Gauntlet | Entered a Gauntlet
 12113 | Gauntlet | Found a runed translucent door.
 12113 | Gauntlet | Found a transporter.
 12113 | Gauntlet | Found a runed translucent door.
 12197 | Gauntlet | Found a transporter.
 12200 | Gauntlet | Found a transporter.
 12211 | Gauntlet | Found a transporter.
 12214 | Gauntlet | Found a transporter.
 12217 | Gauntlet | Noticed a quicksilver ooze
 12234 | Gauntlet | Found a transporter.
 12241 | Gauntlet | Found a transporter.
 12245 | Gauntlet | Found a transporter.
 12264 | Gauntlet | Found a transporter.
 12269 | Gauntlet | Found a transporter.
 12278 | Gauntlet | Found a transporter.
 12279 | Gauntlet | Found a transporter.
 12308 | Gauntlet | Found a runed translucent door.
 12312 | Gauntlet | Noticed a great orb of eyes
 12314 | Gauntlet | Found a runed translucent gate.
 12315 | Gauntlet | Found a transporter.
 12315 | Gauntlet | Found a runed translucent gate.
 12316 | Gauntlet | Found a runed translucent gate.
 12329 | Gauntlet | Found a transporter.
 12530 | Gauntlet | Identified the +10 short sword of Flawed Execution {venom,
                  | rF++ rC+ rCorr Dex-2}
 12530 | Gauntlet | Noticed a minotaur
 12541 | Gauntlet | Killed a minotaur
 12840 | D:11     | Noticed Nergalle
 12847 | D:11     | Killed Nergalle
 12925 | D:11     | Found a sparkling altar of Nemelex Xobeh.
 13289 | D:10     | Found a staircase to the Lair.
 13301 | D:10     | Reached skill level 17 in Axes
 13392 | D:10     | Noticed Grum
 13401 | D:10     | Killed Grum
 13504 | D:10     | Found a glowing golden altar of the Shining One.
 13506 | D:10     | Noticed Urug
 13559 | D:10     | Killed Urug
 13757 | D:10     | Noticed a two-headed ogre
 13771 | D:10     | Killed a two-headed ogre
 14119 | D:10     | Noticed a two-headed ogre
 14127 | D:10     | Killed a two-headed ogre
 14128 | D:10     | Found a burning altar of Makhleb.
 14392 | D:13     | Noticed a two-headed ogre
 14392 | D:13     | Noticed a centaur warrior
 14396 | D:13     | Killed a two-headed ogre
 14397 | D:13     | Reached XP level 13. HP: 122/122 MP: 12/12
 14495 | D:13     | Noticed an ironbound preserver
 14496 | D:13     | Found a gate to the Vaults.
 14507 | D:13     | Reached ***** piety under Trog
 14512 | D:13     | Killed an ironbound preserver
 14663 | D:13     | Found Dobascho's Changing Room.
 14789 | D:13     | Reached skill level 18 in Axes
 15223 | D:13     | Found a faded altar of an unknown god.
 15231 | D:13     | Reached skill level 1 in Evocations
 15668 | Lair:1   | Entered Level 1 of the Lair of Beasts
 15846 | Lair:1   | Found an opulent altar of Gozag.
 16819 | Lair:2   | Reached skill level 5 in Shields
 17831 | D:11     | Bought a manual of Dodging for 880 gold pieces
 18423 | Lair:3   | Reached XP level 14. HP: 133/133 MP: 13/13
 18514 | Lair:3   | Received a gift from Trog
 18723 | Lair:3   | Found a staircase to the Swamp.
 19075 | Lair:3   | Found a staircase to the Snake Pit.
 19989 | Lair:4   | Reached skill level 5 in Evocations
 20002 | Lair:4   | Found a snail-covered altar of Cheibriados.
 20548 | Lair:5   | Reached skill level 15 in Fighting
 21006 | Lair:5   | Reached skill level 15 in Armour
 21552 | Lair:6   | Entered Level 6 of the Lair of Beasts
 21673 | Lair:6   | Received a gift from Trog
 21798 | Lair:6   | Found a staircase to the Slime Pits.
 21888 | Lair:6   | Reached skill level 10 in Shields
 22728 | Lair:6   | Reached XP level 15. HP: 141/141 MP: 14/14
 23003 | Lair:6   | Received a gift from Trog
 23590 | Lair:6   | Found a corrupted altar of Lugonu.
 23590 | Lair:6   | Found a one-way gate to the infinite horrors of the Abyss.
 24052 | Orc:1    | Entered Level 1 of the Orcish Mines
 24080 | Orc:1    | Noticed an orc warlord
 24090 | Orc:1    | HP: 2/211 [orc priest/divine providence[an orc high priest]
                  | (14)]
 24091 | Orc:1    | Demolished by an orc warlord

Illustrated notes

Levels and vault maps discovered:
D:1:      giann_bridges, layout_rooms, dreamdust_ecumenical_altar_statues
D:2:      layout_basic, serial_shops, shop_statue, grunt_decor_fettered
D:3:      layout_basic, uniq_sigmund, uniq_purgy
D:4:      layout_gridville, uniq_grinder
D:5:      layout_loops_ring, serial_shops,
          nicolae_shop_temple_entry_statues_fountains
D:6:      layout_loops_ring, mainiacjoe_overflow_alcove_4,
          gammafunk_ghost_cemetery, serial_shops, shop_coins,
          gup_sewer_entry_pipe, uniq_prince_ribbit1
D:7:      layout_loops_ring, lemuel_doored_altar, lightli_temple_of_fire,
          minmay_temple_entry_ruins, bh_walls_and_bars
D:8:      layout_cave_pods, mainiacjoe_overflow_surrounded_room, kb_rosetta
D:9:      layout_long_grid, mainiacjoe_overflow_tiny_flanked, xom_shifter_show,
          mainiacjoe_overflow_swirl, nicolae_overflow_crystal_walls,
          kennysheep_cross_bottleneck, minmay_holes, kennysheep_generic_room_4,
          uniq_pikel
D:10:     layout_long_grid, tso_metal_star, overflow_temple_1_default,
          minmay_lair_entry_grove, serial_park_tiny_pond, uniq_grum, uniq_urug
D:11:     layout_irregular_city, orc_0_dummy, gauntlet_entry_generic,
          serial_shops, nicolae_shop_window_shopping,
          nicolae_trove_entry_free_sample, minmay_misc_feat_alley,
          nemelex_diamond_rough_becter, uniq_nergalle, uniq_fannar
D:12:     layout_basic
D:13:     minmay_slanted_spiral_squares, layout_loops_ring,
          skrybe_vaults_entry_preservation, minmay_tree_intersection,
          nicolae_transmutations_shop, beargit_hepliaklqana_dungeon_heroes
Lair:1:   statuecave_lemuel, layout_gridlike, lemuel_centaur_altar
Lair:2:   layout_chaotic_city, grunt_megastairs_4
Lair:3:   layout_gridlike, palyth_hydra_swamp_entry,
          guppyfry_snake_entry_island, ldierk_geyser
Lair:4:   layout_regular_city, kennysheep_snail_temple, lemuel_fruit_fields
Lair:5:   layout_regular_city
Lair:6:   hellmonk_lair_end_abyssal_woods, layout_hall_layers,
          minmay_slime_entry_pillars, minivault_27, infiniplex_staircase_pool
Orc:1:    layout_caves, serial_shops, shop, uniq_jorgrun

Skill      XL: |  1  2  3  4  5  6  7  8  9 10 11 12 13 14 15 |
---------------+----------------------------------------------+-----
Axes           | 4 5 6 7 8 10 12 14 15 17 18 | 18.0
Fighting       | 4 5 6 7 9 10 11 13 14 15 | 15.0
Armour         | 3 4 5 6 7 9 10 11 13 14 15 | 15.0
Shields        | 2 4 6 11 12 | 12.4
Evocations     | 4 7 |  7.7
Dodging        | |  2.1

Action                   |  1- 3 |  4- 6 |  7- 9 | 10-12 | 13-15 || total
-------------------------+-------+-------+-------+-------+-------++-------
Melee: Hand axe          |    84 |    27 |   209 |   399 |    54 ||   773
       Headbutt          |    15 |     6 |    46 |   100 |   206 ||   373
       Whip              |       |       |       |    11 |     5 ||    16
       Broad axe         |       |       |       |       |   653 ||   653
Invok: Berserk           |     2 |     2 |     9 |    22 |     6 ||    41
       Trog's Hand       |       |     1 |       |     1 |     4 ||     6
       Brothers in Arms  |       |       |       |     2 |     1 ||     3
Evoke: Wand              |       |     4 |       |    11 |     7 ||    22
 Stab: Paralysed         |       |       |       |     6 |       ||     6
Armor: Animal skin       |    28 |     2 |    10 |       |       ||    40
       Scale mail        |       |       |    40 |   152 |    17 ||   209
       Chain mail        |       |       |       |       |   347 ||   347
Dodge: Dodged            |    51 |    17 |   105 |   169 |   161 ||   503
Block: Buckler           |       |       |     5 |    59 |    12 ||    76
       Tower shield      |       |       |       |       |   730 ||   730
       Reflection        |       |       |       |       |    18 ||    18
